 Dungeon Crawl Stone Soup version 0.29-a0-284-gf9362112df (webtiles) character file.

Game seed: 6735739110519975049

2715 siradein the Fighter (level 9, -11/81 HPs)
             Began as a Minotaur Fighter on Mar 31, 2022.
             Was a Follower of Ru.
             Killed by vampiric draining
             ... invoked by a vampire
              (17 damage)
             ... on level 6 of the Dungeon.
             The game lasted 00:15:58 (6183 turns).

siradein the Fighter (Minotaur Fighter)             Turns: 6183, Time: 00:16:00

Health: -11/81     AC: 15    Str: 29    XL:     9   Next: 39%
Magic:  8/8        EV: 10    Int:  5    God:    Ru [*.....]
Gold:   202        SH:  6    Dex: 13    Spells: 8/8 levels left

rFire   . . .      SeeInvis .   j - +6 whip of False Accusations {vamp, Str+7}
rCold   . . .      Faith    .   c - +0 buckler
rNeg    . . .      Spirit   .   i - +5 ring mail "Wadick" {rElec}
rPois   .          Reflect  .   (helmet unavailable)
rElec   +          Harm     .   l - scarf {shadows}
rCorr   .          Rampage  .   e - +0 pair of gloves
Will    .....                   (no boots)
Stlth   +.........              (no amulet)
HPRegen 0.23/turn               v - ring of flight
MPRegen 0.11/turn               (no ring)

@: flying
A: horns 3, inability to train dodging, retaliatory headbutt, iridescent scales
1, MP-powered wands, noise suppression
a: Renounce Religion


You were on level 6 of the Dungeon.
You worshipped Ru.
Ru was aware of your devotion.
You visited 1 branch of the dungeon, and saw 6 of its levels.

You collected 202 gold pieces.

Inventory:

Hand Weapons
 j - the +6 whip of False Accusations (weapon) {vamp, Str+7}
   (You found it on level 2 of the Dungeon)

   It occasionally heals its wielder for a portion of the damage dealt when it
   wounds a living foe.
   Str:       It affects your strength (+7).
Missiles
 w - 3 poisoned darts (quivered)
 B - 2 atropa-tipped darts
Armour
 c - a +0 buckler (worn)
 e - a +0 pair of gloves (worn)
 i - the +5 ring mail "Wadick" (worn) {rElec}
   (You found it on level 2 of the Dungeon)

   rElec:     It insulates you from electricity.
 l - a scarf of shadows (worn)
Jewellery
 v - a ring of flight (left hand)
Wands
 b - a wand of digging (9)
 h - a wand of polymorph (7)
 u - a wand of charming (5)
 y - a wand of acid (1)
Scrolls
 k - 6 scrolls of teleportation
 n - a scroll of torment
 o - a scroll of magic mapping {unknown}
 p - 2 scrolls of silence {unknown}
 q - a scroll of summoning {unknown}
 r - a scroll of fear {unknown}
 s - 2 scrolls of enchant armour {unknown}
 A - a scroll of noise {unknown}
 D - a scroll of amnesia {unknown}
Potions
 d - 2 potions of might
 f - 2 potions of invisibility
 g - a potion of lignification
 m - a potion of haste {unknown}
 t - 3 potions of attraction {unknown}
 x - a potion of mutation
 z - a potion of degeneration {unknown}
 C - 2 potions of magic {unknown}


   Skills:
 + Level 8.0 Fighting
 - Level 3.0 Long Blades
 + Level 6.7 Maces & Flails
 + Level 7.9 Armour
   Level 0.0 Dodging
 + Level 7.9 Shields


You had 8 spell levels left.
You didn't know any spells.
Your spell library contained the following spells:

 Spells                   Type           Power      Damage    Failure   Level
 Apportation              Tloc           0%         N/A       67%         1
 Slow                     Hex            0%         N/A       67%         1
 Ensorcelled Hibernation  Hex/Ice        0%         N/A       80%         2
 Passwall                 Tmut/Erth      0%         N/A       80%         2
 Confusing Touch          Hex            0%         N/A       95%         3
 Swiftness                Air            0%         N/A       95%         3
 Vampiric Draining        Necr           0%         2d6       95%         3
 Alistair's Intoxication  Tmut/Pois      0%         N/A       100%        5
 Fireball                 Conj/Fire      0%         3d3       100%        5
 Iskenderun's Battlesphe  Conj           0%         2d6       100%        5
 Conjure Ball Lightning   Conj/Air       0%         3x3d6     100%        6
 Orb of Destruction       Conj           0%         9d5       100%        7


Dungeon Overview and Level Annotations

Branches:
Dungeon (6/15)             Temple (0/1) D:5

Altars:
Makhleb
Ru
Zin

Shops:
D:2 =


Innate Abilities, Weirdness & Mutations

You have a pair of large horns on your head.
You cannot train Dodging skill.
You reflexively headbutt those who attack you in melee.
You are partially covered in iridescent scales. (AC +2)
You expend magic power (3 MP) to strengthen your wands.
You passively dampen the noise of your surroundings.


Message History

You're too confused to move!
The vampire begins to cast a spell, but is stunned by your conviction!
You're too confused to move!
The vampire hits you. The vampire barely misses you.
You miss the vampire. You headbutt the vampire!
The vampire is almost destroyed.
The vampire begins to cast a spell, but is stunned by your conviction!
You bump into the rock wall.
You feel less confused. The vampire draws life force from you!
The vampire is healed by the life force!
You hit the vampire but do no damage. Your headbutt misses the vampire.
The vampire is severely damaged.
The vampire mumbles some strange words.
The vampire flickers and vanishes!
Deactivating autopickup; reactivate with Ctrl-A.
You barely miss something. Something draws life force from you!
You barely miss something. Your headbutt misses something. You hit something.
Your headbutt misses something.
You hear some strange, mumbled words.
You are confused.
Something hits you but does no damage. Something bites you but does no damage.
Something draws life force from you!
* * * LOW HITPOINT WARNING * * *
Something hits you.
* * * LOW HITPOINT WARNING * * *
Something bites you!
* * * LOW HITPOINT WARNING * * *
Something draws strength from your injuries!
You hit something but do no damage. Something hits you but does no damage.
Something bites you but does no damage.
You hit something but do no damage. Your headbutt misses something.
You feel less confused. Something hits you but does no damage.
Something bites you but does no damage.
You closely miss something. You headbutt something.
You hear some strange, mumbled words.
Something tries to affect you, but you resist.
You hit something but do no damage. You headbutt something. You hit something.
Something draws life force from you!
You die...

.........# #...# #.....#
.#..).##.# #...# ###.### #
.#.#..##.#####...########.# #####
#......#...............##.# #...#
...##...................#.###...>
##.##.##..........<.....#.......#
.........#####...######.#####..##
#####.#### #...# #.# #..## #.#
#.{@# #.# ##..# #####.# #...# #.#
#...# W.....# #...# #.# #.#.#
##############...## #.####.#.#
#...............# #........##
#.###..##.#.#.#.#########...###
#.###..#............# #.......
###.##..........#.###.# ##...###
....##...##..<....# #.# ##.## #


There were no monsters in sight!

Vanquished Creatures
  A hornet (D:5)
  Grinder (D:4)
  Eustachio (D:6)
  2 steam dragons (D:6)
  A water moccasin (D:6)
  Duvessa (D:5)
  A sky beast (D:3)
  A black bear (D:6)
  4 ogres
  2 phantoms
  A bullfrog (D:6)
  3 necrophages
  3 scorpions
  Dowan (D:5)
  2 howler monkeys (D:6)
  2 hounds
  A jelly (D:5)
  Natasha (thrice) (D:4)
  2 iguanas
  4 orc wizards
  10 adders
  2 shadow imps
  An ufetubus (D:5)
  A worm (D:4)
  4 dart slugs
  9 orcs
  6 bats
  9 endoplasms
  A giant cockroach (D:4)
  6 goblins
  3 hobgoblins
  7 jackals
  7 kobolds
  A quokka (D:4)
  2 ball pythons
  2 frilled lizards
  3 rats
111 creatures vanquished.

Notes
Turn   | Place    | Note
-------+----------+-------------------------------------------
     0 | D:1      | siradein the Minotaur Fighter began the quest for the Orb.
     0 | D:1      | Reached XP level 1. HP: 19/19 MP: 0/0
    82 | D:1      | Found a faded altar of an unknown god.
   154 | D:1      | Reached XP level 2. HP: 26/27 MP: 1/1
   495 | D:1      | Reached skill level 1 in Dodging
   765 | D:2      | Identified the +5 ring mail "Wadick" {rElec}
   817 | D:2      | Reached skill level 4 in Fighting
   817 | D:2      | Reached XP level 3. HP: 31/33 MP: 2/2
   877 | D:2      | Found a glowing silver altar of Zin.
   884 | D:2      | Identified the +6 whip of False Accusations {vamp, Str+7}
  1229 | D:2      | Reached skill level 1 in Maces & Flails
  1229 | D:2      | Reached XP level 4. HP: 40/40 MP: 3/3
  1291 | D:2      | Found Ruanoots's Jewellery Shoppe.
  1441 | D:3      | Noticed a phantom
  1451 | D:3      | Killed a phantom
  1452 | D:3      | Reached XP level 5. HP: 44/47 MP: 4/4
  2148 | D:3      | Noticed a sky beast
  2167 | D:3      | Killed a sky beast
  2168 | D:3      | Reached XP level 6. HP: 49/55 MP: 5/5
  2203 | D:3      | Gained mutation: You expend magic power (3 MP) to
                  | strengthen your wands. [potion of mutation]
  2203 | D:3      | Gained mutation: You have a pair of large horns on your
                  | head. [potion of mutation]
  2203 | D:3      | Gained mutation: You passively dampen the noise of your
                  | surroundings. [potion of mutation]
  2203 | D:3      | Gained mutation: You are partially covered in iridescent
                  | scales. (AC +2) [potion of mutation]
  2307 | D:4      | Reached skill level 5 in Fighting
  2307 | D:4      | Reached skill level 5 in Armour
  2307 | D:4      | Reached skill level 5 in Shields
  2586 | D:4      | Noticed Grinder
  2586 | D:4      | Paralysed by Grinder for 4 turns
  2609 | D:4      | Killed Grinder
  2610 | D:4      | Reached XP level 7. HP: 16/61 MP: 6/6
  2910 | D:4      | Noticed Natasha
  2915 | D:4      | Killed Natasha
  2933 | D:4      | Found a sacrificial altar of Ru.
  2934 | D:4      | Found a burning altar of Makhleb.
  2953 | D:4      | Became a worshipper of Ru the Awakened
  2990 | D:4      | Noticed Natasha
  2996 | D:4      | Killed Natasha
  3016 | D:5      | Entered Level 5 of the Dungeon
  3090 | D:4      | Noticed Natasha
  3094 | D:4      | Killed Natasha
  3130 | D:4      | Found a sacrificial altar of Ru.
  3132 | D:4      | Found a burning altar of Makhleb.
  3577 | D:5      | Found a staircase to the Ecumenical Temple.
  3814 | D:5      | Reached skill level 6 in Fighting
  3987 | D:5      | Noticed a hornet
  4000 | D:5      | Paralysed by a hornet for 2 turns
  4005 | D:5      | Killed a hornet
  4006 | D:5      | Reached XP level 8. HP: 16/70 MP: 7/7
  4629 | D:6      | Noticed Duvessa
  4629 | D:6      | Noticed Dowan
  4662 | D:5      | Killed Duvessa
  4663 | D:5      | Reached skill level 5 in Maces & Flails
  4663 | D:5      | Killed Dowan
  4733 | D:6      | Reached skill level 5 in Dodging
  4757 | D:6      | Noticed Eustachio
  4773 | D:6      | Killed Eustachio
  4774 | D:6      | Reached skill level 7 in Fighting
  4978 | D:6      | Reached XP level 9. HP: 40/79 MP: 8/8
  5161 | D:6      | Gained mutation: You cannot train Dodging skill. [Ru
                  | sacrifice]
  5161 | D:6      | Reached * piety under Ru
  6070 | D:6      | Reached skill level 8 in Fighting
  6183 | D:6      | Killed from afar by a vampire

Illustrated notes

Levels and vault maps discovered:
D:1:      onia_arrival_mini_spirals, layout_rooms,
          hellmonk_ecumenical_altar_inner_sanctum, minivault_11
D:2:      layout_basic, basic_altar, serial_shops,
          nicolae_shop_advertising_works [nicolae_subvault_shop_adworks],
          wander_ebering_terrifying_dragon_lair
D:3:      layout_basic
D:4:      layout_rooms, gammafunk_temple_overflow_pools, uniq_natasha,
          uniq_grinder
D:5:      layout_cave_pools, minmay_temple_entry_sparse_star
D:6:      layout_loops_cross, st_stairs_9, minmay_checkerbox, uniq_duvessa,
          uniq_eustachio

Skill      XL: |  1  2  3  4  5  6  7  8  9 |
---------------+----------------------------+-----
Dodging        | 1 2 3 4 5 0 |  0.0
Shields        | 4 5 6 7 |  7.9
Fighting       | 4 5 6 7 8 |  8.0
Long Blades    | 3 |  3.0
Armour         | 4 5 6 7 |  7.9
Maces & Flails | 1 2 3 4 6 |  6.7

Action                   |  1- 3 |  4- 6 |  7- 9 || total
-------------------------+-------+-------+-------++-------
Melee: Long sword        |    70 |       |       ||    70
       Headbutt          |     8 |    14 |    41 ||    63
       Whip              |    16 |    96 |   187 ||   299
Throw: Dart              |       |       |     8 ||     8
Invok: Sacrifice Nimblen |       |       |     1 ||     1
  Use: Scroll            |       |     3 |     2 ||     5
       Potion            |       |     1 |       ||     1
Armor: Scale mail        |    41 |       |       ||    41
       Ring mail         |    15 |    34 |    69 ||   118
Dodge: Dodged            |    42 |    24 |    88 ||   154
Block: Buckler           |    17 |    15 |    32 ||    64

Table legend: (Time is in decaauts)
 A = Elapsed time spent in this place.
 B = Non-inter-level travel time spent in this place.
 C = Inter-level travel time spent in this place.
 D = Time resting spent in this place.
 E = Time spent auto-exploring this place.
 F = Levels seen in this place.
 G = Mean time per level.
                   A        B        C        D        E       F      G
               +--------+--------+--------+--------+--------+-----+--------+
         Total |   6190 |   6012 |    178 |    204 |   4763 |   6 | 1031.7 |
       Dungeon |   6190 |   6012 |    178 |    204 |   4763 |   6 | 1031.7 |
               +--------+--------+--------+--------+--------+-----+--------+

Top non-repeatable levels by time:
     D:6: 1383 daAuts
     D:5: 1341 daAuts
     D:4: 1224 daAuts
     D:3: 813 daAuts
     D:2: 716 daAuts
     D:1: 710 daAuts
